TOP OF THE 1ST |
Quincy Cubs batting - Pitching for Appleton Foxes : RHP George DeMaria
|
Pitching: RHP George DeMaria
|
|
Batting: RHB Alex Juarez
|
0-0: Ball 1-0: Ball 2-0: Called Strike 2-1: Called Strike 2-2: Reached on error, E4 (Flyball, 34D, EV 89.4 MPH)
|
Batting: RHB Jack Ayer
|
0-0: Foul Ball, location: 2F 0-1: Ball 1-1: Ball 2-1: Ball 3-1: Foul Ball, location: 2F 3-2: Base on Balls Alex Juarez to second
|
Batting: LHB Dennis Mork
|
0-0: Called Strike 0-1: Foul Ball, location: 2F 0-2: Strikes out looking
|
Batting: RHB Wes Clements
|
0-0: Ball 1-0: Ball 2-0: Foul Ball, location: 2F 2-1: Ball 3-1: Base on Balls Alex Juarez to third Jack Ayer to second
|
Batting: RHB Nerio Guerrero
|
0-0: Fly out, F8 (Flyball, 8RD, EV 96.3 MPH) Runner from 3rd tags up, SCORES, throw by CF
|
Batting: RHB Billy Best
|
0-0: Ball 1-0: Swinging Strike 1-1: Ball 2-1: Ball 3-1: Base on Balls Jack Ayer to third Wes Clements to second
|
Batting: RHB Charles Curry
|
0-0: Ball 1-0: Foul Ball, location: 2F 1-1: Fly out, F8 (Line Drive, 8LD, EV 103.1 MPH)
|
Top of the 1st over - 1 run, 0 hits, 1 error, 3 left on base; Quincy 1 - Appleton 0 |
BOTTOM OF THE 1ST |
Appleton Foxes batting - Pitching for Quincy Cubs : RHP Steve Finch
|
Pitching: RHP Steve Finch
|
|
Batting: LHB Mike Woodard
|
0-0: Called Strike 0-1: Called Strike 0-2: Strikes out swinging
|
Batting: RHB George Hinshaw
|
0-0: Foul Ball, location: 2F 0-1: Ground out 1-3 (Groundball, 13S, EV 75.0 MPH)
|
Batting: RHB Chris Brown
|
0-0: Called Strike 0-1: Ball 1-1: Swinging Strike 1-2: Strikes out swinging
|
Bottom of the 1st over - 0 runs, 0 hits, 0 errors, 0 left on base; Quincy 1 - Appleton 0 |
TOP OF THE 2ND |
Quincy Cubs batting - Pitching for Appleton Foxes : RHP George DeMaria
|
Batting: RHB Curt Etchandy
|
0-0: Called Strike 0-1: Swinging Strike 0-2: Ball 1-2: Foul Ball, location: 2F 1-2: Ground out 3-1 (Groundball, 34S, EV 86.3 MPH)
|
Batting: RHB Garry Keeton
|
0-0: Called Strike 0-1: Ball 1-1: Ball 2-1: Foul Ball, location: 2F 2-2: Strikes out swinging
|
Batting: RHB Alex Juarez
|
0-0: SOLO HOME RUN (Flyball, 7LD, EV 95.0 MPH), Distance : 349 ft
|
Batting: RHB Jack Ayer
|
0-0: Ball 1-0: Foul Ball, location: 2F 1-1: Foul Ball, location: 2F 1-2: Ball 2-2: Ball 3-2: Strikes out swinging
|
Top of the 2nd over - 1 run, 1 hit, 0 errors, 0 left on base; Quincy 2 - Appleton 0 |
BOTTOM OF THE 2ND |
Appleton Foxes batting - Pitching for Quincy Cubs : RHP Steve Finch
|
Batting: RHB Robert Gilles
|
0-0: Ball 1-0: Swinging Strike 1-1: SINGLE (Groundball, 56D, EV 94.4 MPH)
|
Batting: RHB Victor Mata
|
0-0: Grounds into double play, 6-4-3 (Groundball, 6, EV 80.0 MPH)
|
Batting: LHB John Csefalvay
|
0-0: Ball 1-0: Foul Ball, location: 2F 1-1: Swinging Strike 1-2: Ball 2-2: Foul Ball, location: 2F 2-2: Ball 3-2: Fly out, F8 (Flyball, 8LM, EV 93.8 MPH)
|
Bottom of the 2nd over - 0 runs, 1 hit, 0 errors, 0 left on base; Quincy 2 - Appleton 0 |
TOP OF THE 3RD |
Quincy Cubs batting - Pitching for Appleton Foxes : RHP George DeMaria
|
Batting: LHB Dennis Mork
|
0-0: Ball 1-0: Swinging Strike 1-1: Foul Ball, location: 2F 1-2: Strikes out looking
|
Batting: RHB Wes Clements
|
0-0: Ball 1-0: SOLO HOME RUN (Flyball, 7D, EV 93.8 MPH), Distance : 376 ft
|
Batting: RHB Nerio Guerrero
|
0-0: Called Strike 0-1: Ball 1-1: Fly out, F7 (Flyball, 7LS, EV 89.4 MPH)
|
Batting: RHB Billy Best
|
0-0: Called Strike 0-1: Swinging Strike 0-2: Ball 1-2: Strikes out swinging
|
Top of the 3rd over - 1 run, 1 hit, 0 errors, 0 left on base; Quincy 3 - Appleton 0 |
BOTTOM OF THE 3RD |
Appleton Foxes batting - Pitching for Quincy Cubs : RHP Steve Finch
|
Batting: RHB Douglas Lulay
|
0-0: Ball 1-0: Ball 2-0: Ball 3-0: Called Strike 3-1: Called Strike 3-2: Foul Ball, location: 2F 3-2: Foul Ball, location: 2F 3-2: Ground out 4-3 (Groundball, 4, EV 82.5 MPH)
|
Batting: RHB Jack Upton
|
0-0: Foul Ball, location: 2F 0-1: Ball 1-1: Ball 2-1: Ball 3-1: SINGLE (Groundball, 56D, EV 100.0 MPH)
|
Batting: RHB Philip Sutton
|
0-0: Ball 1-0: Ball 2-0: Called Strike 2-1: Swinging Strike 2-2: Grounds into double play, 5-4-3 (Groundball, 56S, EV 84.4 MPH)
|
Bottom of the 3rd over - 0 runs, 1 hit, 0 errors, 0 left on base; Quincy 3 - Appleton 0 |
TOP OF THE 4TH |
Quincy Cubs batting - Pitching for Appleton Foxes : RHP George DeMaria
|
Batting: RHB Charles Curry
|
0-0: Ball 1-0: Ball 2-0: Called Strike 2-1: Foul Ball, location: 2F 2-2: Foul Ball, location: 2F 2-2: Ball 3-2: Foul Ball, location: 2F 3-2: Foul Ball, location: 2F 3-2: Foul Ball, location: 2F 3-2: Strikes out looking
|
Batting: RHB Curt Etchandy
|
0-0: Ball 1-0: Ball 2-0: Called Strike 2-1: SINGLE (Groundball, 4M, EV 103.8 MPH) (infield hit)
|
Batting: RHB Garry Keeton
|
0-0: Ball 1-0: Ball 2-0: Fly out, F8 (Line Drive, 8RD, EV 98.8 MPH)
|
Batting: RHB Alex Juarez
|
0-0: Ball 1-0: Foul Ball, location: 2F 1-1: Ball 2-1: Ball 3-1: Called Strike 3-2: Base on Balls Curt Etchandy to second
|
Batting: RHB Jack Ayer
|
0-0: Foul Ball, location: 2F 0-1: Ground out U3 (Groundball, 34S, EV 89.4 MPH)
|
Top of the 4th over - 0 runs, 1 hit, 0 errors, 2 left on base; Quincy 3 - Appleton 0 |
BOTTOM OF THE 4TH |
Appleton Foxes batting - Pitching for Quincy Cubs : RHP Steve Finch
|
Batting: LHB Mike Woodard
|
0-0: Swinging Strike 0-1: Called Strike 0-2: Single, Error in OF, E9, batter to second base (Groundball, 34D, EV 97.5 MPH)
|
Batting: RHB George Hinshaw
|
0-0: Ball 1-0: Ball Wild Pitch! Mike Woodard to third 2-0: Fly out, F3 (Popup, 3F, EV 47.5 MPH)
|
Batting: RHB Chris Brown
|
0-0: Ball 1-0: SINGLE (Flyball, 34D, EV 86.9 MPH) Mike Woodard scores
|
Batting: RHB Robert Gilles
|
0-0: Called Strike 0-1: Ball 1-1: Swinging Strike 1-2: Ball 2-2: Ball 3-2: Base on Balls Chris Brown to second
|
Batting: RHB Victor Mata
|
0-0: Foul Ball, location: 2F 0-1: Called Strike 0-2: Foul Ball, location: 2F 0-2: SINGLE (Line Drive, 89S, EV 105.0 MPH) Chris Brown to third Robert Gilles to second Runner from 3rd tries for Home, SAFE, throw by RF to home
|
Batting: LHB John Csefalvay
|
0-0: Called Strike 0-1: Ball 1-1: Fielders Choice at 2nd, 4-6 (Groundball, 4S, EV 86.3 MPH) Robert Gilles to third
|
Batting: RHB Douglas Lulay
|
0-0: Ball 1-0: Ball 2-0: Ground out 1-3 (Groundball, 34S, EV 70.6 MPH)
|
Bottom of the 4th over - 2 runs, 3 hits, 1 error, 2 left on base; Quincy 3 - Appleton 2 |
TOP OF THE 5TH |
Quincy Cubs batting - Pitching for Appleton Foxes : RHP George DeMaria
|
Batting: LHB Dennis Mork
|
0-0: Ball 1-0: Called Strike 1-1: Foul Ball, location: 2F 1-2: Foul Ball, location: 2F 1-2: Strikes out swinging
|
Batting: RHB Wes Clements
|
0-0: Ball 1-0: Called Strike 1-1: Ball 2-1: Foul Ball, location: 2F 2-2: Ball 3-2: Foul Ball, location: 2F 3-2: Fly out, F8 (Flyball, 8RD, EV 101.3 MPH)
|
Batting: RHB Nerio Guerrero
|
0-0: Called Strike 0-1: Ball 1-1: Ground out U3 (Groundball, 3L, EV 107.5 MPH)
|
Top of the 5th over - 0 runs, 0 hits, 0 errors, 0 left on base; Quincy 3 - Appleton 2 |
BOTTOM OF THE 5TH |
Appleton Foxes batting - Pitching for Quincy Cubs : RHP Steve Finch
|
Batting: RHB Jack Upton
|
0-0: Called Strike 0-1: Ball 1-1: Ball 2-1: Ground out 2-3 (Groundball, 2L, EV 73.1 MPH)
|
Batting: RHB Philip Sutton
|
0-0: Foul Ball, location: 2F 0-1: Ball 1-1: Called Strike 1-2: Ball 2-2: Ground out U3 (Groundball, 34S, EV 85.0 MPH)
|
Batting: LHB Mike Woodard
|
0-0: Called Strike 0-1: Ball 1-1: Ground out 4-3 (Groundball, 4, EV 80.6 MPH)
|
Bottom of the 5th over - 0 runs, 0 hits, 0 errors, 0 left on base; Quincy 3 - Appleton 2 |
TOP OF THE 6TH |
Quincy Cubs batting - Pitching for Appleton Foxes : RHP George DeMaria
|
Batting: RHB Billy Best
|
0-0: Foul Ball, location: 2F 0-1: Swinging Strike 0-2: Strikes out looking
|
Batting: RHB Charles Curry
|
0-0: Called Strike 0-1: Ball 1-1: Ball 2-1: Foul Ball, location: 2F 2-2: Foul Ball, location: 2F 2-2: Foul Ball, location: 2F 2-2: Strikes out looking
|
Batting: RHB Curt Etchandy
|
0-0: Ball 1-0: Swinging Strike 1-1: Foul Ball, location: 2F 1-2: Ball 2-2: Ball 3-2: Base on Balls
|
Batting: RHB Garry Keeton
|
0-0: Called Strike 0-1: Ball 1-1: Called Strike 1-2: Foul Ball, location: 2F 1-2: Ball Curt Etchandy steals 2nd base (no throw) 2-2: Ball 3-2: Ground out 6-3 (Groundball, 6MS, EV 86.9 MPH)
|
Top of the 6th over - 0 runs, 0 hits, 0 errors, 1 left on base; Quincy 3 - Appleton 2 |
BOTTOM OF THE 6TH |
Appleton Foxes batting - Pitching for Quincy Cubs : RHP Steve Finch
|
Batting: RHB George Hinshaw
|
0-0: Ball 1-0: Foul Ball, location: 2F 1-1: Ball 2-1: Foul Ball, location: 2F 2-2: Strikes out swinging
|
Batting: RHB Chris Brown
|
0-0: Ground out 6-3 (Groundball, 6, EV 88.8 MPH)
|
Batting: RHB Robert Gilles
|
0-0: Called Strike 0-1: Foul Ball, location: 2F 0-2: Ball 1-2: Foul Ball, location: 2F 1-2: SINGLE (Groundball, 6MD, EV 105.6 MPH)
|
Batting: RHB Victor Mata
|
0-0: SINGLE (Groundball, 6D, EV 108.1 MPH) Robert Gilles to second Throwing error, E7 Robert Gilles scores Victor Mata to second
|
Batting: LHB John Csefalvay
|
0-0: Called Strike 0-1: Ball 1-1: Fly out, F7 (Flyball, 7, EV 88.8 MPH)
|
Bottom of the 6th over - 1 run, 2 hits, 1 error, 1 left on base; Quincy 3 - Appleton 3 |
TOP OF THE 7TH |
Quincy Cubs batting - Pitching for Appleton Foxes : RHP George DeMaria
|
Batting: RHB Alex Juarez
|
0-0: Ball 1-0: Foul Ball, location: 2F 1-1: Ball 2-1: Ball 3-1: Foul Ball, location: 2F 3-2: Fly out, F9 (Flyball, 9, EV 88.8 MPH)
|
Batting: RHB Jack Ayer
|
0-0: Foul Ball, location: 2F 0-1: Ball 1-1: Ball 2-1: Ball 3-1: Swinging Strike 3-2: Foul Ball, location: 2F 3-2: Fly out, F8 (Line Drive, 8LM, EV 98.1 MPH)
|
Batting: LHB Dennis Mork
|
0-0: Ball 1-0: Called Strike 1-1: Foul Ball, location: 2F 1-2: Ball 2-2: Ball 3-2: Foul Ball, location: 2F 3-2: Ground out 6-3 (Groundball, 6, EV 87.5 MPH)
|
Top of the 7th over - 0 runs, 0 hits, 0 errors, 0 left on base; Quincy 3 - Appleton 3 |
BOTTOM OF THE 7TH |
Appleton Foxes batting - Pitching for Quincy Cubs : RHP Steve Finch
|
Batting: RHB Douglas Lulay
|
0-0: Ball 1-0: Ball 2-0: Foul Ball, location: 2F 2-1: Foul Ball, location: 2F 2-2: TRIPLE (Line Drive, 8RXD, EV 103.8 MPH)
|
Batting: RHB Jack Upton
|
0-0: Ball 1-0: Called Strike 1-1: Ball 2-1: SINGLE (Flyball, 56D, EV 91.9 MPH) Douglas Lulay scores
|
Batting: RHB Philip Sutton
|
0-0: Bunt missed! 0-1: Bunt missed! 0-2: Ball 1-2: Fly out, F9 (Flyball, 9, EV 83.8 MPH)
|
Batting: LHB Mike Woodard
|
0-0: Ball 1-0: Ball 2-0: Called Strike 2-1: SINGLE (Line Drive, 8RS, EV 108.1 MPH) Jack Upton to second Runner from 2nd tries for 3rd, SAFE, no throw by CF
|
Batting: RHB George Hinshaw
|
0-0: Called Strike 0-1: Called Strike 0-2: SINGLE (Groundball, 6MD, EV 101.9 MPH) Jack Upton scores Mike Woodard to second Runner from 2nd tries for 3rd, SAFE, no throw by CF
|
Batting: RHB Chris Brown
|
0-0: Ball 1-0: SINGLE (Groundball, 6MD, EV 100.6 MPH) Mike Woodard scores George Hinshaw to second Runner from 2nd tries for 3rd, SAFE, no throw by CF
|
Pitching: LHP Stephen Gelfarb
|
|
Batting: RHB Robert Gilles
|
0-0: Called Strike Chris Brown is caught stealing 2nd base 2-4 0-1: Ball 1-1: Ball 2-1: Ground out 6-3 (Groundball, 6, EV 89.4 MPH)
|
Bottom of the 7th over - 3 runs, 5 hits, 0 errors, 1 left on base; Quincy 3 - Appleton 6 |
TOP OF THE 8TH |
Quincy Cubs batting - Pitching for Appleton Foxes : RHP George DeMaria
|
Batting: RHB Wes Clements
|
0-0: Foul Ball, location: 2F 0-1: Ball 1-1: Ball 2-1: Swinging Strike 2-2: Fly out, F8 (Line Drive, 8LM, EV 103.8 MPH)
|
Batting: RHB Nerio Guerrero
|
0-0: Ball 1-0: Foul Ball, location: 2F 1-1: Swinging Strike 1-2: Ball 2-2: Ball 3-2: Base on Balls
|
Batting: RHB Billy Best
|
0-0: Ball 1-0: Fly out, F9 (Flyball, 9S, EV 91.3 MPH)
|
Batting: RHB Charles Curry
|
0-0: Called Strike 0-1: Ball 1-1: Ball 2-1: Ball 3-1: Base on Balls Nerio Guerrero to second
|
Batting: RHB Curt Etchandy
|
0-0: Ball 1-0: Called Strike 1-1: Called Strike 1-2: Foul Ball, location: 2F 1-2: Ball 2-2: Ball 3-2: Strikes out swinging
|
Top of the 8th over - 0 runs, 0 hits, 0 errors, 2 left on base; Quincy 3 - Appleton 6 |
BOTTOM OF THE 8TH |
Appleton Foxes batting - Pitching for Quincy Cubs : LHP Stephen Gelfarb
|
Batting: RHB Victor Mata
|
0-0: Called Strike 0-1: Called Strike 0-2: Ball 1-2: Ground out 4-3 (Groundball, 4, EV 81.3 MPH)
|
Batting: LHB John Csefalvay
|
0-0: Ball 1-0: Swinging Strike 1-1: Foul Ball, location: 2F 1-2: Fly out, F8 (Flyball, 89D, EV 78.8 MPH)
|
Batting: RHB Douglas Lulay
|
0-0: Swinging Strike 0-1: SINGLE (Flyball, 34D, EV 93.8 MPH)
|
Pitching: LHP Brian Duffy
|
|
Batting: RHB Jack Upton
|
0-0: Called Strike 0-1: Ball 1-1: Called Strike 1-2: Ball 2-2: Foul Ball, location: 2F 2-2: Strikes out swinging
|
Bottom of the 8th over - 0 runs, 1 hit, 0 errors, 1 left on base; Quincy 3 - Appleton 6 |
TOP OF THE 9TH |
Quincy Cubs batting - Pitching for Appleton Foxes : RHP George DeMaria
|
Pitching: RHP Jaime Cocanower
|
|
Now at 1B: Stan Holmes
|
|
Batting: RHB Garry Keeton
|
0-0: Called Strike 0-1: Ball 1-1: Fly out, F7 (Flyball, 7, EV 85.0 MPH)
|
Batting: RHB Alex Juarez
|
0-0: Ball 1-0: Called Strike 1-1: Called Strike 1-2: Ground out 2-3 (Groundball, 2L, EV 76.3 MPH)
|
Batting: RHB Jack Ayer
|
0-0: Ball 1-0: Ball 2-0: Ball 3-0: Called Strike 3-1: Called Strike 3-2: Foul Ball, location: 2F 3-2: Base on Balls
|
Batting: LHB Dennis Mork
|
0-0: Ball 1-0: Called Strike 1-1: Ball 2-1: Foul Ball, location: 2F 2-2: Ball 3-2: Strikes out looking
|
Top of the 9th over - 0 runs, 0 hits, 0 errors, 1 left on base; Quincy 3 - Appleton 6 |
|